 Dungeon Crawl Stone Soup version 0.21.1-1-g345015fe64 (webtiles) character file.

309 Gitz the Chopper (level 6, -8/48 HPs)
             Began as a Demonspawn Berserker on Mar 28, 2018.
             Was a Priest of Trog.
             Killed by divine providence
             ... invoked by an orc priest
              (14 damage)
             ... on level 3 of the Dungeon.
             The game lasted 00:05:11 (2089 turns).

Gitz the Chopper (Demonspawn Berserker)             Turns: 2089, Time: 00:05:11

Health: -8/48      AC: 18    Str: 19    XL:     6   Next: 17%
Magic:  13/15      EV:  3    Int:  9    God:    Trog [***...]
Gold:   200        SH:  8    Dex: 12    Spells: 5/5 levels left

rFire    . . .     SeeInvis .   a - +1 hand axe
rCold    + . .     Gourm    .   s - +0 shield
rNeg     . . .     Faith    +   e - +2 plate armour {rC+}
rPois    .         Spirit   .   (no helmet)
rElec    .         Reflect  .   k - +0 cloak
rCorr    .         Harm     .   m - +1 pair of gloves
MR       +++..                  (no boots)
Stlth    ..........             j - amulet of faith
HPRegen  1.16/turn              i - ring of magical power
MPRegen  0.14/turn              r - ring of protection from magic

@: regenerating
A: icy blue scales 1, powered by death 1
a: Berserk, Trog's Hand, Burn Spellbooks, Renounce Religion


You were on level 3 of the Dungeon.
You worshipped Trog.
Trog was most pleased with you.
You were not hungry.

You visited 1 branch of the dungeon, and saw 3 of its levels.

You collected 200 gold pieces.

Inventory:

Hand Weapons
 a - a +1 hand axe (weapon)
Armour
 e - a +2 plate armour of cold resistance (worn)
 k - a +0 cloak (worn)
 m - a +1 pair of gloves (worn)
 s - a +0 shield (worn)
Jewellery
 i - a ring of magical power (left hand)
 j - an amulet of faith (around neck)
 r - a ring of protection from magic (right hand)
Scrolls
 b - a scroll of fear
 f - a scroll of teleportation
 h - a scroll of magic mapping
 n - 3 scrolls of remove curse
 o - a scroll of identify {unknown}
Potions
 g - a potion of invisibility {unknown}
 l - a potion of mutation {unknown}
 p - 3 potions of curing {unknown}
 q - a potion of berserk rage {unknown}
Comestibles
 c - 5 rations
 d - 2 chunks of flesh


   Skills:
 + Level 3.8 Fighting
 + Level 4.8 Axes
 + Level 3.0 Armour
 + Level 2.4 Dodging
 + Level 1.1 Shields


You had 5 spell levels left.
You didn't know any spells.

Dungeon Overview and Level Annotations

Branches:
Dungeon (3/15)

Altars:

Annotations:
D:3 Gitz's ghost, weakling MiFi


Innate Abilities, Weirdness & Mutations

You are partially covered in icy blue scales. (AC +2)
You regenerate a little health from kills.


Message History

You hit the orc priest but do no damage.
The orc priest is severely wounded.
The orc priest hits you.
Your shield and plate armour prevent you from hitting the orc priest.
The orc priest is severely wounded.
The orc priest barely misses you.
Gitz's ghost (weakling Minotaur Fighter) comes into view.
Gitz's ghost turns its malevolent gaze towards you.
You hit the orc priest but do no damage.
The orc priest is severely wounded.
The orc priest hits you.
The orc priest mumbles some strange prayers to Beogh against you.
Beogh smites you!
* * * LOW HITPOINT WARNING * * *
Your skin crawls.
You feel resistant to hostile enchantments.
You feel somewhat more hungry.
The orc priest mumbles some strange prayers to Beogh against you.
Beogh smites you!
You die...

+...............
#........[....(.
#...............
#...............
+...............
#............###
#............#
...######'##.........#
..$...o@......######.#
......))......# #.
...W...........# #.
.#...........#.#####.###
#########+#.#..........
#............
.#............
.....)........
..............


You could see an orc priest and Gitz's ghost.

Vanquished Creatures
  Grinder (D:3)
  3 adders
  2 worms
  2 dart slugs
  2 leopard geckos
  7 orcs (D:3)
  3 ball pythons
  5 giant cockroaches
  4 goblins
  3 hobgoblins
  3 jackals (D:2)
  10 kobolds
  A quokka (D:3)
  3 bats
  5 frilled lizards
  11 rats
65 creatures vanquished.

Notes
Turn   | Place    | Note
-------+----------+-------------------------------------------
     0 | D:1      | Gitz the Demonspawn Berserker began the quest for the Orb.
     0 | D:1      | Reached XP level 1. HP: 18/18 MP: 1/1
   331 | D:1      | Gained mutation: You are partially covered in icy blue scales. (AC +2) [demonic ancestry]
   331 | D:1      | Reached XP level 2. HP: 24/24 MP: 2/2
   394 | D:1      | Reached skill level 3 in Axes
   594 | D:1      | Reached ** piety under Trog
   676 | D:1      | Reached XP level 3. HP: 21/29 MP: 3/3
  1627 | D:3      | Reached XP level 4. HP: 35/35 MP: 4/4
  1918 | D:3      | Noticed Grinder
  1924 | D:3      | Paralysed by Grinder for 7 turns
  1944 | D:3      | Paralysed by Grinder for 4 turns
  1949 | D:3      | Killed Grinder
  1949 | D:3      | Reached skill level 4 in Axes
  1949 | D:3      | Reached skill level 1 in Shields
  1949 | D:3      | Gained mutation: You regenerate a little health from kills. [demonic ancestry]
  1949 | D:3      | Reached XP level 5. HP: 11/42 MP: 5/5
  1949 | D:3      | Reached XP level 6. HP: 13/48 MP: 6/6
  2061 | D:3      | Reached *** piety under Trog
  2088 | D:3      | Noticed Gitz's ghost (weakling MiFi)
  2089 | D:3      | Killed from afar by an orc priest

Skill      XL: |  1  2  3  4 |
---------------+-------------+-----
Axes           | 3 4 |  4.8
Dodging        | 2 |  2.4
Armour         | 2 3 |  3.0
Shields        | 1 |  1.1
Fighting       | |  3.8

Action                   |  1- 3 |  4- 6 || total
-------------------------+-------+-------++-------
Melee: Hand axe          |   133 |    90 ||   223
Invok: Berserk           |     2 |     1 ||     3
       Trog's Hand       |       |     1 ||     1
  Use: Scroll            |     7 |       ||     7
 Stab: Sleeping          |     1 |       ||     1
  Eat: Chunk             |     3 |     4 ||     7
Armor: Leather armour    |    18 |       ||    18
       Animal skin       |     1 |       ||     1
       Chain mail        |    42 |    19 ||    61
       Plate armour      |       |    33 ||    33
Dodge: Dodged            |    90 |    20 ||   110
Block: Shield            |     2 |    41 ||    43
